 Dungeon Crawl Stone Soup version 0.30.0-29-ga12c61a403 (webtiles) character file.

Game seed: 13888733592820093992

820 jurchenman the Magician (level 7, -4/36 HPs)
             Began as a Deep Elf Conjurer on June 15, 2023.
             Slain by an unseen horror (6 damage)
             ... on level 5 of the Dungeon on June 20, 2023.
             The game lasted 00:15:54 (4147 turns).

jurchenman the Magician (Deep Elf Conjurer)         Turns: 4147, Time: 00:15:54

Health: -4/36      AC:  8    Str:  4    XL:     7   Next: 63%
Magic:  23/28      EV: 13    Int: 25    God:
Gold:   205        SH:  0    Dex: 13    Spells: 10/20 levels left

rFire   . . .        c - +2 dagger
rCold   . . .        (no shield)
rNeg    . . .        a - +1 robe
rPois   .            (no helmet)
rElec   .            (no cloak)
rCorr   .            i - +0 pair of gloves
SInv    .            (no boots)
Will    .....        (no amulet)
Stlth   ++           d - +4 ring of protection
HPRegen 0.26/turn    e - ring of magical power
MPRegen 0.21/turn

%: no passive effects
@: no status effects
A: no striking features
a: no special abilities


You were on level 5 of the Dungeon.
You visited 1 branch of the dungeon, and saw 5 of its levels.

You collected 205 gold pieces.

Inventory:

Hand Weapons
 c - a +2 dagger (weapon)
Missiles
 f - 35 stones
 h - 11 poisoned darts
Armour
 a - a +1 robe (worn)
 i - a +0 pair of gloves (worn)
Jewellery
 b - a ring of willpower
 d - a +4 ring of protection (left hand)
 e - a ring of magical power (right hand)
 o - a ring of ice
 u - a +6 ring of dexterity
Wands
 v - a wand of polymorph (1)
Scrolls
 l - a scroll of magic mapping
 n - a scroll of noise {unknown}
 q - a scroll of identify
 r - 4 scrolls of teleportation
Potions
 g - 2 potions of degeneration {unknown}
 j - a potion of brilliance
 k - a potion of cancellation
 m - 2 potions of heal wounds
 p - a potion of curing {unknown}
 s - a potion of ambrosia {unknown}
 t - a potion of magic


   Skills:
 + Level 4.3 Dodging
 - Level 2.4 Stealth
 + Level 7.3 Spellcasting
 + Level 7.2 Conjurations
 - Level 3.3 Hexes
 + Level 1.7 Translocations


You had 10 spell levels left.
You knew the following spells:

 Your Spells              Type           Power      Damage    Failure   Level
a - Magic Dart            Conj           100%       1d8       1%          1
b - Searing Ray           Conj           90%        2d7       1%          2
c - Dazzling Flash        Conj/Hex       70%        N/A       2%          3
d - Iskenderun's Mystic   Conj/Tloc      31%        2d8       11%         4

Your spell library contained the following spells:

 Spells                   Type           Power      Damage    Failure   Level
 Fulminant Prism          Conj/Hex       17%        3d10      8%          4
 Animate Dead             Necr           9%         N/A       54%         4
 Haunt                    Necr/Summ      4%         N/A       100%        7
 Infestation              Necr           4%         N/A       100%        8


Dungeon Overview and Level Annotations

Branches:
Dungeon (5/15)
 Temple: D:4-7

Altars:


Message History

Confirm with . or Enter, or press ? or * to list all spells.
Aiming: Magic Dart (safe; 1% risk of failure)
Press: ? - help, Shift-Dir - straight line, f/p - gnoll sergeant
Aim: a gnoll sergeant, wielding a +3 trident of venom and wearing a +0 scale mail (lightly wounded, 100% to hit)
The magic dart hits the gnoll sergeant.
The gnoll sergeant is moderately wounded.
Casting: Magic Dart (safe; 1% risk of failure)
Confirm with . or Enter, or press ? or * to list all spells.
Aiming: Searing Ray (safe; 1% risk of failure)
Press: ? - help, Shift-Dir - straight line, f/p - gnoll sergeant
Aim: a gnoll sergeant, wielding a +3 trident of venom and wearing a +0 scale mail (moderately wounded, 87% to hit)
The searing ray hits the gnoll sergeant.
The gnoll sergeant is heavily wounded. (Press . to maintain the ray.)
The searing ray hits the gnoll sergeant!
The gnoll sergeant is almost dead.
The searing ray hits the gnoll sergeant!
You kill the gnoll sergeant!
You start resting.
Something hits you but does no damage.
Deactivating autopickup; reactivate with Ctrl-A.
Something hits you.
You start resting.
Something hits you! Something hits you. x2
Casting: Searing Ray (safe; 1% risk of failure)
Confirm with . or Enter, or press ? or * to list all spells.
Aiming: Searing Ray (safe; 1% risk of failure)
Press: ? - help, Shift-Dir - straight line The searing ray hits something. (Press . to maintain the ray.)
Something hits you but does no damage. Something hits you but does no damage.
Something barely misses you. Something hits you. x2
Something hits you.
* * * LOW HITPOINT WARNING * * *
Something hits you!
* * * LOW HITPOINT WARNING * * *
Something hits you.
You die...

##.. ... ####g.#
.......########
..............#
....... #@#
.......######.#######
...?.....)..........#
.......###..#.#####.#
....... #..#.#
####### #..#.# #..#.#
##.## #. #..#.. ...#
#.# #..### #..# #


There were no monsters in sight!

Vanquished Creatures
  Menkaure (D:4)
  Edmund (D:4)
  An ogre (D:4)
  A phantom (D:3)
  A gnoll sergeant (D:5)
  A scorpion (D:5)
  A gnoll bouda (D:5)
  An iguana (D:3)
  A sleepcap (D:5)
  An orc wizard (D:4)
  7 gnolls
  2 adders (D:4)
  4 worms
  7 dart slugs
  4 orcs
  9 ball pythons
  3 bats (D:1)
  4 endoplasms
  3 giant cockroaches
  6 goblins
  9 hobgoblins
  8 jackals (D:1)
  8 kobolds
  4 quokkas
  2 frilled lizards (D:3)
  5 rats
95 creatures vanquished.

Notes
Turn   | Place    | Note
-------+----------+-------------------------------------------
     0 | D:1      | jurchenman the Deep Elf Conjurer began the quest for the
                  | Orb.
     0 | D:1      | Reached XP level 1. HP: 10/10 MP: 6/6
   157 | D:1      | Reached XP level 2. HP: 2/15 MP: 4/8
   216 | D:1      | Learned a level 2 spell: Searing Ray
   890 | D:1      | Reached skill level 5 in Conjurations
   960 | D:1      | Reached XP level 3. HP: 19/19 MP: 10/10
  1436 | D:2      | Reached XP level 4. HP: 24/24 MP: 12/12
  1608 | D:2      | Learned a level 3 spell: Dazzling Flash
  1660 | D:2      | Identified the +0 leather armour of Dyspraxia {Fly Dex+6
                  | Stlth+}
  1957 | D:3      | Reached skill level 5 in Spellcasting
  2323 | D:3      | Noticed a phantom
  2330 | D:3      | Killed a phantom
  2331 | D:3      | Reached XP level 5. HP: 8/28 MP: 14/14
  2866 | D:4      | Noticed Edmund
  2891 | D:4      | Killed Edmund
  2892 | D:4      | Reached XP level 6. HP: 29/32 MP: 2/17
  3152 | D:4      | Noticed Menkaure
  3158 | D:4      | Killed Menkaure
  3159 | D:4      | Reached XP level 7. HP: 22/36 MP: 19/19
  3603 | D:4      | Learned a level 4 spell: Iskenderun's Mystic Blast
  3604 | D:5      | Entered Level 5 of the Dungeon
  3736 | D:5      | Reached skill level 1 in Translocations
  4147 | D:5      | Slain by an unseen horror

Illustrated notes

Levels and vault maps discovered:
D:1:      giann_wishing_wells, layout_loops_corners
D:2:      layout_basic
D:3:      layout_loops_ring
D:4:      layout_cave_pools, uniq_menkaure, uniq_edmund
D:5:      layout_loops_ring, minmay_misc_feat_square, minmay_manual_monolith

Skill      XL: |  1  2  3  4  5  6  7 |
---------------+----------------------+-----
Spellcasting   | 4 5 6 7 |  7.3
Conjurations   | 5 6 7 |  7.2
Hexes          | 2 3 |  3.3
Dodging        | 3 4 |  4.3
Translocations | 1 |  1.7
Stealth        | |  2.4

Action                     |  1- 3 |  4- 6 |  7- 9 || total
---------------------------+-------+-------+-------++-------
  Melee: Dagger            |     4 |     9 |     2 ||    15
   Cast: Magic Dart        |    66 |    66 |    33 ||   165
         Searing Ray       |     1 |    12 |     7 ||    20
    Use: Potion            |     1 |     3 |       ||     4
         Scroll            |     3 |     9 |     1 ||    13
   Stab: Sleeping          |     1 |     5 |     1 ||     7
 Armour: Robe              |     3 |     2 |     4 ||     9
  Dodge: Dodged            |     9 |    17 |     6 ||    32
